 Dungeon Crawl Stone Soup version 0.17-a0-848-g7e5c6af (webtiles) character file.

112 drasked the Cudgeler (level 4, -6/44 HPs)
             Began as an Ogre Hunter on Apr 27, 2015.
             Killed by divine providence
             ... invoked by an orc priest
              (12 damage)
             ... on level 3 of the Dungeon.
             The game lasted 00:25:27 (3817 turns).

drasked the Cudgeler (Ogre Hunter)                  Turns: 3817, Time: 00:25:28

Health: -6/44      AC:  3    Str: 18    XL:     4   Next: 95%
Magic:  4/4        EV: 10    Int: 10    God:
Gold:   92         SH:  0    Dex: 10    Spells: 0 memorised, 3 levels left

rFire  . . .     SeeInvis .     i - +0 club
rCold  . . .     Clarity  .     d - +0 robe
rNeg   . . .     SustAb   .     (no shield)
rPois  .         Gourm    .     (helmet restricted)
rElec  .         Spirit   .     (no cloak)
rCorr  .         Warding  .     (gloves unavailable)
rMut   .         Stasis   .     (boots unavailable)
MR     .....                    (no amulet)
Stlth  +.........               (no ring)
                                (no ring)

@: not resistant to hostile enchantments, very unstealthy
A: unfitting armour, tough skin 1
a: no special abilities


You were on level 3 of the Dungeon.
You were not hungry.

You visited 1 branch of the dungeon, and saw 3 of its levels.

You collected 92 gold pieces.

Inventory:

Hand weapons
 i - a +0 club (weapon)
 m - a +0 dagger of draining
Missiles
 c - 2 throwing nets (quivered)
 n - 40 stones
Armour
 d - a +0 robe (worn)
Jewellery
 e - an uncursed amulet of guardian spirit {unknown}
Scrolls
 a - a scroll of recharging {unknown}
 f - 3 scrolls of remove curse {unknown}
 g - 2 scrolls of identify {unknown}
 h - a scroll of blinking {unknown}
 q - a scroll of fog {unknown}
Potions
 j - a potion of agility {unknown}
 l - a potion of might {unknown}
 p - 3 potions of curing {unknown}
Comestibles
 k - 2 meat rations
 o - 3 chunks of flesh


   Skills:
 - Level 2.6 Fighting
 * Level 5.4 Maces & Flails
 - Level 4.3 Throwing
 - Level 2.0 Dodging
 - Level 1.1 Stealth


You had 3 spell levels left.
You didn't know any spells.

Dungeon Overview and Level Annotations

Branches:
Dungeon (3/15)

Altars:


Innate Abilities, Weirdness & Mutations

You are too large for most types of armour.
You have tough skin (AC +1).


Message History

You barely miss the orc priest.
The orc priest is moderately wounded.
The orc priest hits you with a short sword.
The orc priest calls down the wrath of Beogh upon you.
Something smites you!
You see here a trident.
The orc priest mumbles some strange prayers to Beogh against you.
Pain shoots through your body!
* * * LOW HITPOINT WARNING * * *
The orc priest misses you. The orc priest closely misses you.
You hit the orc priest but do no damage.
The orc priest is lightly wounded.
The orc priest hits you from afar with a trident.
* * * LOW HITPOINT WARNING * * *
The orc priest barely misses you.
You hit the orc priest.
The orc priest is moderately wounded.
The orc priest mumbles some strange prayers to Beogh against you.
Something smites you!
You die...

#.# #....# #########.# #.##.#
..........# #.##.# ####......#
#.##.# .........# #.##.#
##.......################.##.#
#.......#................##.#
#.......#.#################.#
#...........#.@)....).......#
#.#.....#.#.#o###############
........#.#.#o#.#
#.##....#.#.#g#.#
####...#.#.#.#
####..#.#.#.########
...........g.......>#
#####.#.#.#..#######
...#.#.#o.#


You could see 2 orc priests and a hobgoblin.

Vanquished Creatures
  3 gnolls (D:2)
  2 adders (D:2)
  An ooze (D:2)
  2 worms (D:2)
  4 orcs (D:3)
  2 bats (D:1)
  6 goblins
  5 hobgoblins
  6 jackals (D:1)
  A quokka (D:2)
  4 giant cockroaches
  3 giant newts
  9 kobolds
  3 rats
51 creatures vanquished.

Notes
Turn   | Place    | Note
--------------------------------------------------------------
     0 | D:1      | drasked, the Ogre Hunter, began the quest for the Orb.
     0 | D:1      | Reached XP level 1. HP: 22/22 MP: 1/1
   152 | D:1      | Reached skill level 1 in Stealth
   811 | D:1      | Reached skill level 1 in Maces & Flails
   817 | D:1      | Reached XP level 2. HP: 13/29 MP: 2/2
  1681 | D:1      | Reached XP level 3. HP: 36/36 MP: 3/3
  2589 | D:2      | Reached XP level 4. HP: 44/44 MP: 4/4
  3095 | D:2      | Reached skill level 5 in Maces & Flails
  3817 | D:3      | Killed from afar by an orc priest

Action                   |  1- 3 |  4- 6 || total
-------------------------+-------+-------++-------
Melee: Unarmed           |    35 |       ||    35
       Whip              |    18 |       ||    18
       Club              |   115 |    67 ||   182
Throw: Large rock        |    13 |    10 ||    23
       Stone             |       |    19 ||    19
 Stab: Sleeping          |     1 |       ||     1
  Eat: Chunk             |     5 |     2 ||     7
       Bread ration      |       |     1 ||     1
